Map: Dusk Towers

Players

LilDicky - Winner!

  • Race: Terran Terran
  • League: Diamond

Synprime

  • Race: Protoss Protoss
  • League: Diamond

VOD

http://www.twitch.tv/tumescentpie

Description

Time

  • Played on: Nov. 26, 2015, 2:20 p.m.
  • Length: 3:28
Show
View Real Time Build Order
Export as new Build Order

LilDicky Terran - Winner!

Build Orders:  

Get SALT Encoding   

  12  0:01  SCV  
  13  0:13  SCV  
  14  0:17  Supply Depot  
  14  0:25  SCV  
  15  0:30  Refinery  
  15  0:39  SCV  
  16  0:45  Barracks  
  16  0:51  SCV  
  17  1:03  SCV  
  18  1:15  SCV  
  19  1:28  SCV  
  19  1:32  Marine  
  21  1:33  Supply Depot  
  21  1:40  Orbital Command  
  21  1:47  Factory  
  21  1:53  Marine  
  22  2:16  Barracks Reactor, Barracks  
  22  2:17  SCV  
  22  2:20  Refinery, Barracks  
  23  2:24  Supply Depot  
  23  2:39  SCV  
  24  2:44  Widow Mine  
  24  2:51  SCV  
  27  3:04  Barracks Tech Lab  
  27  3:08  Marine x2  
  27  3:09  Barracks Tech Lab  
  27  3:11  Supply Depot  
  27  3:12  SCV  
Show
View Real Time Build Order
Export as new Build Order

Synprime Protoss 

Build Orders: Nexus First 

Get SALT Encoding   

  12  0:01  Probe (Chrono Boost)  
  13  0:11  Probe (Chrono Boost)  
  14  0:18  Pylon  
  14  0:22  Probe (Chrono Boost)  
  15  0:36  Probe (Chrono Boost)  
  16  0:46  Probe (Chrono Boost)  
  18  0:57  Probe (Chrono Boost)  
  18  1:04  Nexus  
  18  1:08  Probe (Chrono Boost)  
  19  1:15  Gateway  
  19  1:19  Probe (Chrono Boost)  
  20  1:25  Assimilator  
  20  1:32  Probe (Chrono Boost)  
  21  1:36  Assimilator  
  21  1:38  Pylon  
  21  1:48  Probe (Chrono Boost)  
  22  2:07  Cybernetics Core  
  22  2:09  Probe (Chrono Boost)  
  22  2:20  Probe (Chrono Boost)  
  22  2:21  Probe (Chrono Boost), Gateway  
  24  2:32  Probe x2 (Chrono Boost)  
  26  2:42  Probe (Chrono Boost)  
  29  2:44  Mothership Core (Chrono Boost)  
  29  2:46  Adept  
  31  2:55  Probe (Chrono Boost)  
  32  3:02  Twilight Council  
  32  3:11  Probe x2 (Chrono Boost)  
  38  3:20  Robotics Facility  
Tags
 
Add a new tag
Caveats
  • Supply blocks, unpowered buildings, or Contaminate may cause inaccurate times.
  • Supply counts are checked every 10 seconds.